cohdb
Replays
Latest Replays
All Replays
Popular Replays
Top Player Replays
Match Explorer
How It Works
Community
CoH3 Stats
Reddit
Sign in to upload your games and track your stats! →
Sign in with Steam
Match 40733372
Unlisted
Match 40733372
Overview
Messages
Build Orders
End
Construct Infanterie Kompanie
Selects Breakthrough Battlegroup
Selects Assault Grenadiers
MG 42 Machine Gun Team
Grenadier Squad
Grenadier Squad
Construct Panzergrenadier Kompanie
Grenadier Squad
Support Elements
Grenadier Squad
Nebelwerfer 42 Rocket Launcher Team
Medical Station
Selects 2.5-tonne Cargo Truck
2.5-tonne Cargo Truck
Panzergrenadier Officer Quarters
Pak 40 Anti-tank Gun Team
Selects Smoke Bombing Run
Nebelwerfer 42 Rocket Launcher Team
Selects Incendiary Bombing Run
Infanterie Officer Quarters
Incendiary Bombing Run
Construct Panzer Kompanie
Selects Blitzkrieg
Incendiary Bombing Run
Precision
Archon11
Waltero
Old Saint Henderson
SgtSteiner
Daggerslash
0
0
Comments
sign in to comment!
No comments posted yet!